 Dungeon Crawl Stone Soup version 0.14-a0-1378-gf8e6a88 (webtiles) character file.

398 PolkaDot the Ruinous (level 5, -6/35 HPs)
             Began as a Vampire Conjurer on Dec 8, 2013.
             Killed by divine providence
             ... invoked by an orc priest
              (14 damage)
             ... on Level 4 of the Dungeon.
             The game lasted 00:16:14 (3408 turns).

PolkaDot the Ruinous (Vampire Conjurer)             Turns: 3408, Time: 00:16:15

HP  -6/35        AC 11     Str  7      XL: 5   Next: 98%
MP   7/9         EV 10     Int 17 (18) God:
Gold 135         SH  0     Dex 14      Spells:  3 memorised,  1 level left

rFire  . . .     SeeInvis +     f - +1 dwarf short sword (protect)
rCold  . . .     Clarity  .     i - +3 elf leather armour
rNeg   . . .     Conserve .     (no shield)
rPois  .         rCorr    .     (no helmet)
rElec  .         rRot     .     (no cloak)
SustAb . .       Spirit   .     (no gloves)
rMut   .         Warding  .     (no boots)
Saprov . . .     Stasis   .     (no amulet)
                                (no ring)
                                (no ring)

@: regenerating quickly, slightly resistant to hostile enchantments, fairly
stealthy
A: fangs 3, see invisible, unbreathing
a: no special abilities


You were on level 4 of the Dungeon.
You were full.

You visited 1 branch of the dungeon, and saw 4 of its levels.

You collected 135 gold pieces.

Inventory:

Hand weapons
 f - a +1,+1 dwarven short sword of protection (weapon)
 k - a +0,+0 cutlass
Armour
 a - a +0 robe
 i - a +3 elven leather armour (worn)
Magical devices
 h - a wand of heal wounds (0)
Scrolls
 b - 3 scrolls of remove curse {unknown}
 j - a scroll of amnesia
Potions
 l - a potion of heal wounds
Books
 c - a book of Conjurations

   Spells                             Type                      Level
   *Magic Dart                        Conjuration                  1
   *Searing Ray                       Conjuration                  2
   Dazzling Spray                     Conjuration/Hexes            3
   *Iskenderun's Mystic Blast         Conjuration                  4
   Iskenderun's Battlesphere          Conjuration/Charms           4
   Fulminant Prism                    Conjuration/Hexes            5
 g - a book of Debilitation

   Spells                             Type                      Level
   Corona                             Hexes                        1
   Slow                               Hexes                        2
   Inner Flame                        Hexes/Fire                   3
   Enslavement                        Hexes                        4
   Cause Fear                         Hexes                        4
   Leda's Liquefaction                Hexes/Earth                  4


   Skills:
 + Level 2.7 Short Blades
 * Level 2.9 Armour
 - Level 2.1 Dodging
 - Level 3.0 Stealth
 - Level 2.0 Spellcasting
 - Level 4.1 Conjurations


You had one spell level left.
You knew the following spells:

 Your Spells              Type           Power        Failure   Level  Hunger
a - Magic Dart            Conj           ###.         3%          1    #......
d - Iskenderun's Mystic   Conj           ###.....     38%         4    #####..
s - Searing Ray           Conj           ###...       6%          2    ###....


Dungeon Overview and Level Annotations

Branches:
Dungeon (4/16)
 Temple: D:4-7

Altars:


Innate Abilities, Weirdness & Mutations

Your natural rate of healing is unusually fast.
You have razor-sharp teeth.*
You have supernaturally acute eyesight.
You can survive without breathing.*


Message History

The orc closely misses you.
Evoke which item? (* to show all) (? for menu, Esc to quit)
Zapping:
h - a wand of heal wounds (1)
Press: ? - help, Shift-Dir - straight line, f - you You feel much better.
This wand has 0 charges left.
The orc wizard hits you but does no damage.
Casting: Magic Dart
Confirm with . or Enter, or press ? or * to list all spells.
Aiming: Searing Ray
Press: ? - help, Shift-Dir - straight line, f - orc
Aim: an orc, wielding an orcish club The searing ray misses the orc.
The searing ray hits the orc wizard.
The orc wizard is lightly wounded.
The orc closely misses you.
The orc priest invokes the aid of Beogh against you.
Something smites you!
* * * LOW HITPOINT WARNING * * *
The orc priest calls down the wrath of Beogh upon you.
Something smites you!
You die...

..........#
..........#
.........#
.........#
.........#
.........#
.........#
.........#
.#######@#
#o# ..# #o#
#..# #o#
#..# #.#
#..# #o#
#..# #o#
#..#
###.#######
#..#
#.........#


You could see 2 orc priests, 2 orc wizards and an orc.

Vanquished Creatures
  2 scorpions (D:3)
  An orc wizard (D:4)
  Jessica (D:2)
  5 adders
  4 gnolls
  3 worms
  A giant gecko (D:2)
  An ooze (D:1)
  11 orcs
  11 bats
  3 giant cockroaches
  5 goblins
  3 hobgoblins
  2 quokkas
  2 giant newts
  A goblin zombie (D:2)
  4 kobolds
  6 rats
66 creatures vanquished.

Notes
Turn   | Place    | Note
--------------------------------------------------------------
     0 | D:1      | PolkaDot, the Vampire Conjurer, began the quest for the Orb.
     0 | D:1      | Reached XP level 1. HP: 13/13 MP: 3/3
   411 | D:1      | Reached XP level 2. HP: 5/19 MP: 0/4
  1091 | D:2      | Reached XP level 3. HP: 24/24 MP: 6/6
  1108 | D:1      | Learned a level 2 spell: Searing Ray
  1335 | D:2      | Reached skill level 1 in Armour
  1529 | D:2      | Noticed Jessica
  1537 | D:2      | Killed Jessica
  1537 | D:2      | Reached skill level 4 in Conjurations
  1537 | D:2      | Reached XP level 4. HP: 30/30 MP: 7/7
  1545 | D:2      | Learned a level 4 spell: Iskenderun's Mystic Blast
  2285 | D:3      | Reached skill level 1 in Short Blades
  2285 | D:3      | Reached XP level 5. HP: 33/35 MP: 0/9
  2356 | D:3      | HP: 1/35 [poisoned by a scorpion]
  2365 | D:3      | HP: 1/35 [poisoned by a scorpion]
  3408 | D:4      | Killed from afar by an orc priest

Action                   |  1- 3 |  4- 6 || total
-------------------------+-------+-------++-------
Melee: Dagger            |    22 |       ||    22
       Unarmed           |     2 |       ||     2
       Short sword       |    22 |    96 ||   118
 Cast: Magic Dart        |    17 |    18 ||    35
       Searing Ray       |     3 |    15 ||    18
Evoke: Wand              |       |     6 ||     6
  Use: Scroll            |     6 |     4 ||    10
       Potion            |     1 |     3 ||     4
 Stab: Sleeping          |     5 |     1 ||     6
